 Dungeon Crawl Stone Soup version 0.24.0-123-gd5b16e6ec5 (webtiles) character file.

Game seed: 6259602409664533355, levelgen mode: deterministic

9438 Jynx the Bludgeoner (level 11, -5/82 HPs)
             Began as a Minotaur Fighter on Jan 18, 2020.
             Was an Elder of Okawaru.
             Slain by a crocodile (13 damage)
             ... on level 2 of the Lair of Beasts.
             The game lasted 00:15:34 (9677 turns).

Jynx the Bludgeoner (Minotaur Fighter)              Turns: 9677, Time: 00:15:35

Health: -5/82      AC: 12    Str: 22    XL:     11   Next: 23%
Magic:  10/10      EV:  5    Int:  5    God:    Okawaru [****..]
Gold:   413        SH:  9    Dex: 12    Spells: 10/10 levels left

rFire    . . .     SeeInvis +   q - +0 morningstar
rCold    . . .     Gourm    +   c - +0 shield
rNeg     . . .     Faith    .   n - +0 chain mail
rPois    +         Spirit   .   u - +1 hat {SInv}
rElec    .         Reflect  .   (no cloak)
rCorr    .         Harm     .   (no gloves)
MR       .....                  j - +1 pair of boots
Stlth    ..........             v - amulet of the gourmand
HPRegen  0.23/turn              t - ring of see invisible
MPRegen  0.12/turn              b - ring of poison resistance

@: about to teleport
A: retaliatory headbutt, horns 2
a: Heroism, Renounce Religion


You were on level 2 of the Lair of Beasts.
You worshipped Okawaru.
Okawaru was greatly pleased with you.
You were full.

You visited 3 branches of the dungeon, and saw 13 of its levels.

You collected 693 gold pieces.
You spent 280 gold pieces at shops.

Inventory:

Hand Weapons
 q - a +0 morningstar (weapon)
Armour
 c - a +0 shield (worn)
 j - a +1 pair of boots (worn)
 n - a +0 chain mail (worn)
 u - a +1 hat of see invisible (worn)
Jewellery
 b - a ring of poison resistance (right hand)
 t - a ring of see invisible (left hand)
 v - an amulet of the gourmand (around neck)
 D - a +4 amulet of reflection {unknown}
Wands
 d - a wand of flame (15)
 o - a wand of polymorph (14)
 w - a wand of iceblast (8)
Scrolls
 e - 4 scrolls of identify
 g - a scroll of amnesia
 i - 6 scrolls of remove curse
 l - 3 scrolls of magic mapping
 r - a scroll of fear
 y - a scroll of enchant weapon {unknown}
 z - a scroll of enchant armour {unknown}
Potions
 a - a potion of resistance
 k - 3 potions of ambrosia
 m - 2 potions of curing
 p - a potion of berserk rage
 s - 2 potions of brilliance
 x - 3 potions of flight
 B - a potion of lignification
 C - a potion of cancellation
Comestibles
 f - 27 rations


   Skills:
 - Level 3.6 Fighting
 * Level 19.1 Maces & Flails
 - Level 3.6 Armour
 - Level 3.6 Shields


You had 10 spell levels left.
You didn't know any spells.
Your spell library contained the following spells:

 Spells                   Type           Power        Failure   Level  Hunger
 Corona                   Hex            #......      100%        1    ##.....
 Slow                     Hex            #.......     100%        2    ###....
 Inner Flame              Hex/Fire       #.......     100%        3    ####...
 Portal Projectile        Hex/Tloc       #.....       100%        3    ####...
 Cause Fear               Hex            #.........   100%        4    #####..
 Leda's Liquefaction      Hex/Erth       #.........   100%        4    #####..


Dungeon Overview and Level Annotations

Branches:
Dungeon (10/15)            Temple (1/1) D:5            Lair (2/6) D:9
  Swamp (0/4) Lair:2
  Snake: Lair:2-4    Spider: Lair:2-4       Orc: D:9-12

Altars:
Ashenzari
Cheibriados
Dithmenos
Elyvilon
Fedhas
Gozag
Hepliaklqana
Kikubaaqudgha
Makhleb
Nemelex Xobeh
Okawaru
Qazlal
Ru
Sif Muna
Trog
Uskayaw
Vehumet
Wu Jian
Xom
Yredelemnul
Zin
The Shining One

Shops:
D:4 !   D:7 =

Annotations:
D:10 Urug


Innate Abilities, Weirdness & Mutations

You reflexively headbutt those who attack you in melee.
You have a pair of horns on your head.


Message History

You feel sick. The black mamba barely misses you. The crocodile bites you.
The black mamba bites you!
* * * LOW HITPOINT WARNING * * *
Your chain mail prevents you from hitting the black mamba.
You headbutt the black mamba.
The black mamba is moderately wounded.
* * * LOW HITPOINT WARNING * * *
You feel sick. The black mamba bites you.
* * * LOW HITPOINT WARNING * * *
The blink frog blinks!
You block the crocodile's attack.
You feel better. The black mamba bites you!
* * * LOW HITPOINT WARNING * * *
The blink frog blinks!
The black mamba closely misses you.
The crocodile bites you but does no damage.
The blink frog blinks!
As you read the scroll of teleportation, it crumbles to dust.
You feel strangely unstable. The black mamba bites you.
* * * LOW HITPOINT WARNING * * *
The blink frog blinks!
The crocodile bites you!
You die...

................>..........[.
#.+.#....§§§..P.##.#.....##.
#..####..§§§.#..#..##....##
##..# #.§§§........P#..[..#
..>.###..§§§.§.....##....##
......#§§§...##....##....#
.....§.§.....##.F..##....#
##...#§......##..........#
#..###.§..§..P##@##.#....##
.#.###P.......#tS#.#.....P##
..............§.§§.......P..#
.............................
.............................
...................†.F.......
.................F.....####.#
#.P.####....F.......%...# ##
###.# ......P..#........


You could see a black mamba, 3 blink frogs and a crocodile.

Vanquished Creatures
  Gastronok (D:8)
  A hydra (Lair:2)
  Pikel (D:8)
  A spiny frog (Lair:1)
  A komodo dragon (Lair:1)
  A blink frog (Lair:2)
  3 hippogriffs
  Sigmund (D:6)
  13 yaks
  Eustachio (D:6)
  A water moccasin (Lair:2)
  An orc warrior (D:9)
  4 porcupines
  3 ice beasts
  A sky beast (D:8)
  A black bear (D:9)
  2 necrophages
  An ogre (D:6)
  3 centaurs
  2 crocodiles (Lair:1)
  A big kobold (D:8)
  3 bullfrogs
  5 scorpions
  A water moccasin skeleton (D:4)
  4 killer bees (D:5)
  4 crimson imps
  A jelly (D:9)
  A bullfrog zombie (D:7)
  A centaur skeleton (D:8)
  An orc priest (D:7)
  4 hounds
  4 orc wizards
  A bullfrog skeleton (D:4)
  An iguana (D:7)
  3 worker ants
  A hound skeleton (D:5)
  4 gnolls (D:6)
  13 adders
  3 worms
  A dart slug (D:2)
  5 leopard geckos
  31 orcs
  2 ball pythons
  2 giant cockroaches
  7 goblins
  5 hobgoblins
  18 jackals
  12 kobolds
  6 quokkas
  6 bats
  A frilled lizard (D:3)
  A leopard gecko skeleton (D:8)
  2 quokka skeletons
  11 rats
209 creatures vanquished.

Vanquished Creatures (others)
  11 fungi
  3 plants (D:9)
14 creatures vanquished.

Grand Total: 223 creatures vanquished

Notes
Turn   | Place    | Note
-------+----------+-------------------------------------------
     0 | D:1      | Jynx the Minotaur Fighter began the quest for the Orb.
     0 | D:1      | Reached XP level 1. HP: 19/19 MP: 0/0
   169 | D:1      | Reached skill level 3 in Maces & Flails
   246 | D:1      | Reached XP level 2. HP: 22/26 MP: 1/1
   342 | D:1      | You fall into a shaft and drop 1 floor!
   688 | D:2      | Found a shattered altar of Ashenzari.
   736 | D:2      | Reached skill level 4 in Maces & Flails
   970 | D:2      | Reached XP level 3. HP: 29/31 MP: 2/2
  1187 | D:2      | Reached skill level 5 in Maces & Flails
  1363 | D:3      | Reached XP level 4. HP: 39/39 MP: 3/3
  1384 | D:3      | Found a hide-covered altar of Uskayaw.
  1806 | D:4      | Reached skill level 6 in Maces & Flails
  1829 | D:4      | Reached XP level 5. HP: 36/45 MP: 4/4
  1834 | D:4      | Reached skill level 7 in Maces & Flails
  2046 | D:4      | Found a sacrificial altar of Ru.
  2054 | D:4      | Reached XP level 6. HP: 42/51 MP: 5/5
  2206 | D:4      | Reached skill level 8 in Maces & Flails
  2438 | D:4      | Found Xuplyul's Distillery.
  2827 | D:5      | Entered Level 5 of the Dungeon
  2982 | D:5      | Reached skill level 9 in Maces & Flails
  3017 | D:5      | Reached XP level 7. HP: 31/57 MP: 6/6
  3285 | D:5      | Found a staircase to the Ecumenical Temple.
  3329 | Temple   | Entered the Ecumenical Temple
  3852 | D:6      | Reached skill level 10 in Maces & Flails
  3904 | D:6      | Noticed Eustachio
  3919 | D:6      | Killed Eustachio
  3919 | D:6      | Reached skill level 11 in Maces & Flails
  3930 | D:6      | Reached XP level 8. HP: 19/64 MP: 7/7
  4327 | D:6      | Reached skill level 12 in Maces & Flails
  4402 | D:6      | Noticed Sigmund
  4410 | D:6      | Killed Sigmund
  4572 | D:7      | Found Picuot's Jewellery Shoppe.
  4582 | D:7      | Bought an uncursed ring of poison resistance for 280 gold
                  | pieces
  4886 | D:7      | Found a shimmering blue altar of Sif Muna.
  4990 | D:7      | Reached skill level 13 in Maces & Flails
  5050 | D:7      | Found a burning altar of Makhleb.
  5643 | D:8      | Noticed Gastronok
  5654 | D:8      | Killed Gastronok
  5654 | D:8      | Reached skill level 15 in Maces & Flails
  5654 | D:8      | Reached XP level 9. HP: 36/70 MP: 8/8
  6001 | D:8      | Reached skill level 16 in Maces & Flails
  6174 | D:8      | Found an iron altar of Okawaru.
  6345 | D:8      | Became a worshipper of Warmaster Okawaru
  6412 | D:8      | Noticed Pikel
  6428 | D:8      | Killed Pikel
  6428 | D:8      | Reached XP level 10. HP: 68/77 MP: 9/9
  6853 | D:9      | Reached * piety under Okawaru
  6893 | D:9      | Reached skill level 17 in Maces & Flails
  6929 | D:9      | Reached ** piety under Okawaru
  7221 | D:9      | Found a staircase to the Lair.
  7727 | D:10     | Entered Level 10 of the Dungeon
  7727 | D:10     | Noticed Urug
  7753 | Lair:1   | Entered Level 1 of the Lair of Beasts
  7761 | Lair:1   | Reached skill level 18 in Maces & Flails
  8204 | Lair:1   | Noticed a spiny frog
  8211 | Lair:1   | Killed a spiny frog
  8211 | Lair:1   | Reached *** piety under Okawaru
  8211 | Lair:1   | Reached XP level 11. HP: 77/82 MP: 10/10
  9487 | Lair:2   | Found a staircase to the Swamp.
  9620 | Lair:2   | Noticed a four-headed hydra
  9631 | Lair:2   | Killed a four-headed hydra
  9631 | Lair:2   | Reached **** piety under Okawaru
  9631 | Lair:2   | Reached skill level 19 in Maces & Flails
  9677 | Lair:2   | Slain by a crocodile

Levels and vault maps discovered:
D:1:      lightli_arrival_chessboard, layout_loops_ring
D:2:      layout_loops_ring, marbit_many_paths, serial_glass, glass_columns_b,
          glass_columns_a, hangedman_decor_diamond_cutter
D:3:      layout_basic, old_standard_altar
D:4:      layout_layer_cave, serial_shops, shop, first_ration,
          minmay_crystal_water, nicolae_ru_path_of_blood
D:5:      layout_rooms, minmay_temple_entry_purple_smoke, minmay_misc_feat_rows,
          minivault_23, minmay_misc_feat_doors
D:6:      layout_rooms, uniq_eustachio, uniq_sigmund
D:7:      layout_loops_corners, lemuel_doored_altar, basic_altar, serial_shops,
          nicolae_shop_trees
D:8:      layout_basic, okawaru_metal_pillars_1_2, uniq_gastronok, uniq_pikel
D:9:      layout_loops_corners, grunt_lair_entry_orc_guard_hut
D:10:     layout_roguey, blue_anna_alchemist [blue_anna_fruit_fields,
          blue_anna_fruit_fields], uniq_urug, uniq_erica, uniq_erolcha
Temple:   dpeg_five_rooms_temple
Lair:1:   layout_gridlike
Lair:2:   layout_regular_city, swamp_mist, lemuel_old_faithful,
          grunt_megastairs_2

Skill      XL: |  1  2  3  4  5  6  7  8  9 10 11 |
---------------+----------------------------------+-----
Maces & Flails | 3 4 5 6 7 9 11 15 16 18 19 | 19.1
Fighting       | |  3.6
Armour         | |  3.6
Shields        | |  3.6

Action                   |  1- 3 |  4- 6 |  7- 9 | 10-12 || total
-------------------------+-------+-------+-------+-------++-------
Melee: Flail             |   117 |   106 |       |       ||   223
       Headbutt          |     9 |    21 |    46 |    53 ||   129
       Morningstar       |       |    49 |   265 |   215 ||   529
Invok: Heroism           |       |       |       |     2 ||     2
  Use: Scroll            |     5 |     3 |     9 |     8 ||    25
       Potion            |       |     1 |     5 |     3 ||     9
  Eat: Chunk             |     2 |     5 |    11 |    22 ||    40
       Ration            |       |       |       |     1 ||     1
Armor: Scale mail        |    65 |     1 |       |       ||    66
       Chain mail        |       |    96 |   105 |    70 ||   271
Dodge: Dodged            |    38 |    40 |    34 |    39 ||   151
Block: Shield            |    77 |    95 |   123 |    75 ||   370
